 Dungeon Crawl Stone Soup version 0.19-b1-4-gd8a0a2a (webtiles) character file.

103 LORDOFBUTT the Magician (level 4, 0/24 HPs)
             Began as a Deep Elf Air Elementalist on Oct 31, 2016.
             Slain by an orc
             ... wielding a +0 short sword
              (4 damage)
             ... on level 3 of the Dungeon.
             The game lasted 00:04:31 (1878 turns).

LORDOFBUTT the Magician (Deep Elf Air Elementalist) Turns: 1878, Time: 00:04:32

Health: 0/24       AC:  3    Str:  5    XL:     4   Next: 51%
Magic:  0/12       EV: 13    Int: 21    God:
Gold:   86         SH:  4    Dex: 15    Spells: 1 memorised, 10 levels left

rFire  . . .     SeeInvis .     (no weapon)
rCold  . . .     Gourm    .     a - +0 robe
rNeg   . . .     Faith    .     (no shield)
rPois  .         Spirit   .     (no helmet)
rElec  +         Reflect  +     (no cloak)
rCorr  .         Harm     .     (no gloves)
MR     .....                    i - +0 pair of boots
Stlth  ++........               d - +4 amulet of reflection
                                (no ring)
                                (no ring)

@: no status effects
A: electricity resistance
a: no special abilities


You were on level 3 of the Dungeon.
You were hungry.

You visited 1 branch of the dungeon, and saw 3 of its levels.

You collected 86 gold pieces.

Inventory:

Armour
 a - a +0 robe (worn)
 i - a +0 pair of boots (worn)
Jewellery
 d - a +4 amulet of reflection (around neck)
Wands
 l - a wand of paralysis (9/24)
Scrolls
 m - a scroll of remove curse {unknown}
 p - a scroll of fear {unknown}
 q - a scroll of noise {unknown}
Potions
 f - 2 potions of curing
 g - a potion of berserk rage {unknown}
 j - a potion of agility
 o - 2 potions of flight
Books
 b - a book of Air

   Spells                             Type                      Level
   a - Shock                          Conjuration/Air              1
   b - Swiftness                      Charms/Air                   2
   c - Repel Missiles                 Charms/Air                   2
   d - Static Discharge               Conjuration/Air              3
   e - Lightning Bolt                 Conjuration/Air              5
Comestibles
 c - 6 bread rations
 h - 2 meat rations
 k - 2 beef jerkies


   Skills:
 - Level 2.8 Dodging
 - Level 3.0 Stealth
 - Level 0.2 Unarmed Combat
 * Level 4.1 Spellcasting
 * Level 2.1 Conjurations
 * Level 3.9 Air Magic
 + Level 0.4 Evocations


You had 10 spell levels left.
You knew the following spells:

 Your Spells              Type           Power        Failure   Level  Hunger
a - Shock                 Conj/Air       ###.         3%          1    None


Dungeon Overview and Level Annotations

Branches:
Dungeon (3/15)

Altars:

Annotations:
D:3 Grinder


Innate Abilities, Weirdness & Mutations

You are resistant to electric shocks. (rElec)


Message History

The zap hits the orc priest.
You kill the orc priest!
Your Spellcasting skill increases to level 4!
Your Conjurations skill increases to level 2!
You start resting.
An orc is nearby!
Casting: Shock
Confirm with . or Enter, or press ? or * to list all spells.
Aiming: Shock
Press: ? - help, Shift-Dir - straight line The zap misses the orc. x2
Casting: Shock
Confirm with . or Enter, or press ? or * to list all spells.
Aiming: Shock
Press: ? - help, Shift-Dir - straight line The zap misses the orc.
The orc hits you but does no damage.
You see here a whip.
The orc hits you with a short sword.
You die...

.#.........
#.#........
##†#...#..#
..#.######.
##.# .#
##### .# .
#...# #)o.#
#.@)# #...#
#....#
###.#..
#.##.# #.#
.# #.# # .#


You could see an orc.

Vanquished Creatures
  An orc priest (D:3)
  2 adders (D:2)
  2 worms
  A dart slug (D:3)
  A leopard gecko (D:1)
  3 orcs (D:3)
  2 ball pythons (D:2)
  6 bats
  3 giant cockroaches (D:1)
  5 goblins
  3 hobgoblins
  4 jackals
  2 frilled lizards
  4 kobolds
  3 rats
42 creatures vanquished.

Notes
Turn   | Place    | Note
-------+----------+-------------------------------------------
     0 | D:1      | LORDOFBUTT the Deep Elf Air Elementalist began the quest for the Orb.
     0 | D:1      | Reached XP level 1. HP: 10/10 MP: 6/6
   237 | D:1      | Reached XP level 2. HP: 15/15 MP: 2/8
   864 | D:1      | Gained mutation: You are resistant to electric shocks. (rElec) [potion of beneficial mutation]
  1193 | D:2      | Reached XP level 3. HP: 19/19 MP: 6/9
  1811 | D:3      | Reached XP level 4. HP: 24/24 MP: 5/11
  1826 | D:3      | Noticed Grinder
  1865 | D:3      | Reached skill level 4 in Spellcasting
  1878 | D:3      | Slain by an orc

Skill      XL: |  1  2  3  4 |
---------------+-------------+-----
Stealth        | 3 |  3.0
Spellcasting   | 4 |  4.1
Conjurations   | 2 |  2.1
Dodging        | |  2.8
Unarmed Combat | |  0.2
Air Magic      | |  3.9
Evocations     | |  0.4

Action                   |  1- 3 |  4- 6 || total
-------------------------+-------+-------++-------
Melee: Unarmed           |    26 |     3 ||    29
 Cast: Shock             |    89 |    13 ||   102
  Use: Scroll            |     2 |     3 ||     5
       Potion            |     1 |       ||     1
  Eat: Chunk             |     2 |       ||     2
Armor: Robe              |    25 |     1 ||    26
Dodge: Dodged            |    53 |     5 ||    58
Block: Other             |     6 |     1 ||     7
